 Dungeon Sprint DCSS version 0.18-a0-1792-g362e38b (webtiles) character file.

1262 Joshtr2000 the Carver (level 8, -2/67 HPs)
             Began as an Octopode Berserker on Apr 22, 2016.
             Was an Elder of Trog.
             Slain by a demonic crawler (3 damage)
             ... in the Dungeon (Sprint I: "Red Sonja").
             The game lasted 00:08:49 (434 turns).

Joshtr2000 the Carver (Octopode Berserker)           Turns: 434, Time: 00:08:53

Health: -2/67      AC:  1    Str: 18    XL:     8   Next: 52%
Magic:  8/8        EV: 17    Int: 10    God:    Trog [****..]
Gold:   314        SH:  0    Dex: 11    Spells: 0 memorised, 7 levels left

rFire  . . .     SeeInvis .     a - +0 falchion
rCold  . . .     Gourm    .     (no shield)
rNeg   . . .     Faith    .     (helmet restricted)
rPois  .         Spirit   .     (no amulet)
rElec  .         Dismiss  .     (no ring)
rCorr  .         Reflect  .     (no ring)
SustAt .         Harm     .     (no ring)
MR     ++...     NoTele   +     (no ring)
Stlth  +++.......               (no ring)
                                (no ring)
                                (no ring)
                                (no ring)

@: exhausted, regenerating, very resistant to hostile enchantments, fairly
stealthy
A: almost no armour, amphibious, 8 rings, constrict 8, camouflage 1, gelatinous
body 1
a: Berserk, Trog's Hand, Brothers in Arms, Burn Spellbooks, Renounce Religion


You were in the Dungeon.
You worshipped Trog.
Trog was greatly pleased with you.
You were not hungry.

You visited 1 branch You collected 405 gold pieces.
You spent 91 gold pieces at shops.

Inventory:

Hand Weapons
 a - a +0 falchion (weapon)
Wands
 k - a wand of polymorph (13/24)
Scrolls
 h - a scroll of blinking
Potions
 c - 2 potions of curing
 d - a potion of heal wounds
 e - a potion of haste
 f - 2 potions of magic
 g - a potion of berserk rage
Comestibles
 b - a bread ration
 j - a meat ration
 l - a beef jerky


   Skills:
 - Level 11.1 Fighting
 - Level 11.1 Long Blades
 - Level 10.6 Dodging
 * Level 1.1 Stealth


You had 7 spell levels left.
You didn't know any spells.

Dungeon Overview and Level Annotations

Branches:
Dungeon (1/1)

Altars:
Cheibriados
Dithmenos
Elyvilon
Fedhas
Gozag
Kikubaaqudgha
Makhleb
Nemelex Xobeh
Okawaru
Pakellas
Qazlal
Ru
Sif Muna
Trog
Vehumet
Xom
Yredelemnul
Zin
The Shining One
Jiyva

Shops:
D *


Innate Abilities, Weirdness & Mutations

You cannot wear most types of armour.
You are amphibious.
You can wear up to eight rings at the same time.
You can use your tentacles to constrict eight enemies at once.
Your skin changes colour to match your surroundings (Stealth).
Your rubbery body absorbs attacks (AC +1).


Message History

The demonic crawler hits you! The demonic crawler hits you.
The demonic crawler barely misses you. The demonic crawler closely misses you.
The demonic crawler hits you. The demonic crawler misses you.
You hit the demonic crawler but do no damage.
You squeeze the demonic crawler.
The demonic crawler is lightly wounded.
The demonic crawler barely misses you. The demonic crawler hits you!
The demonic crawler misses you. The demonic crawler hits you.
The demonic crawler misses you. The demonic crawler closely misses you.
You barely miss the demonic crawler.
The demonic crawler is lightly wounded.
The demonic crawler hits you.
The demonic crawler closely misses you. x5
You slash the demonic crawler!
The demonic crawler is lightly wounded.
The demonic crawler hits you!
* * * LOW HITPOINT WARNING * * *
The demonic crawler hits you!
* * * LOW HITPOINT WARNING * * *
The demonic crawler hits you.
You die...

##################
.#..'..#__#..'.).#
.').#..'..'..#.)s##+#
'#####'#__####..@ss.#
.#...#(#### #####s.+
##..##.# ## _##'#..+
..'..._# _##_.#'#
_###+#.# ## ###


You could see 4 demonic crawlers.

Vanquished Creatures
  2 kobold demonologists (D)
  A slime creature (D)
  Sigmund (D)
  A yak (D)
  A giant eyeball (D)
  An ogre (D)
  A jelly (D)
  Ijyb (D)
9 creatures vanquished.

Notes
Turn   | Place    | Note
--------------------------------------------------------------
     0 | D        | Joshtr2000 the Octopode Berserker began the quest for the Orb.
     0 | D        | Reached XP level 1. HP: 16/16 MP: 1/1
     2 | D        | Noticed Ijyb
     6 | D        | Killed Ijyb
     6 | D        | Reached XP level 2. HP: 23/23 MP: 2/2
     6 | D        | Reached XP level 3. HP: 27/27 MP: 3/3
    12 | D        | Noticed an ogre
    17 | D        | Killed an ogre
    17 | D        | Reached ** piety under Trog
    17 | D        | Reached skill level 5 in Fighting
    17 | D        | Reached skill level 5 in Dodging
    17 | D        | Reached XP level 4. HP: 36/36 MP: 4/4
    54 | D        | Noticed Sigmund
    58 | D        | Killed Sigmund
    58 | D        | Reached XP level 5. HP: 44/44 MP: 5/5
    58 | D        | Reached XP level 6. HP: 50/50 MP: 6/6
   114 | D        | Found a deep blue altar of Sif Muna.
   116 | D        | Found a radiant altar of Vehumet.
   132 | D        | Found Voschuppe's General Store.
   132 | D        | Found a white marble altar of Elyvilon.
   132 | D        | Found a stormy altar of Qazlal.
   132 | D        | Found a burning altar of Makhleb.
   132 | D        | Found a sacrificial altar of Ru.
   132 | D        | Found an oddly glowing altar of Pakellas.
   132 | D        | Found a basalt altar of Yredelemnul.
   132 | D        | Found a glowing golden altar of the Shining One.
   132 | D        | Found a sparkling altar of Nemelex Xobeh.
   132 | D        | Found a shimmering altar of Xom.
   132 | D        | Found an opulent altar of Gozag.
   132 | D        | Found an ancient bone altar of Kikubaaqudgha.
   132 | D        | Found a glowing silver altar of Zin.
   132 | D        | Noticed a yak
   133 | D        | Found an iron altar of Okawaru.
   144 | D        | Killed a yak
   144 | D        | Reached *** piety under Trog
   160 | D        | Found a bloodstained altar of Trog.
   164 | D        | Bought a beef jerky for 21 gold pieces
   164 | D        | Bought a bread ration for 70 gold pieces
   174 | D        | Found a viscous altar of Jiyva.
   174 | D        | Found a blossoming altar of Fedhas.
   174 | D        | Noticed a slime creature
   175 | D        | Found a snail-covered altar of Cheibriados.
   175 | D        | Found a shadowy altar of Dithmenos.
   182 | D        | Killed a slime creature
   182 | D        | Reached skill level 1 in Stealth
   182 | D        | Reached XP level 7. HP: 10/57 MP: 7/7
   389 | D        | Noticed a kobold demonologist
   390 | D        | Noticed a kobold demonologist
   393 | D        | Noticed a rust devil
   393 | D        | Noticed a rust devil
   398 | D        | Killed a kobold demonologist
   398 | D        | Reached skill level 10 in Fighting
   398 | D        | Reached skill level 10 in Long Blades
   398 | D        | Reached skill level 10 in Dodging
   398 | D        | Reached XP level 8. HP: 65/65 MP: 8/8
   401 | D        | Killed a kobold demonologist
   401 | D        | Reached **** piety under Trog
   429 | D        | Noticed a demonic crawler
   429 | D        | Noticed a demonic crawler
   429 | D        | Noticed a demonic crawler
   429 | D        | Noticed a demonic crawler
   434 | D        | HP: 1/67 [demonic crawler (9)]
   434 | D        | Slain by a demonic crawler

Vault maps used:
D:        dungeon_sprint_1

Skill      XL: |  1  2  3  4  5  6  7  8 |
---------------+-------------------------+-----
Fighting       | 4 5 7 9 10 11 | 11.1
Long Blades    | 4 6 7 9 10 11 | 11.1
Dodging        | 4 5 7 9 10 | 10.6
Stealth        | 1 |  1.1

Action                   |  1- 3 |  4- 6 |  7- 9 || total
-------------------------+-------+-------+-------++-------
Melee: Falchion          |     6 |    21 |    14 ||    41
       Tentacles         |     1 |     6 |     3 ||    10
       Constrict         |       |     1 |     3 ||     4
Invok: Berserk           |     1 |     2 |     1 ||     4
       Trog's Hand       |       |       |     1 ||     1
 Stab: Sleeping          |       |     1 |       ||     1
  Eat: Bread ration      |       |       |     1 ||     1
       Chunk             |       |       |     1 ||     1
Armor: Skin              |     1 |       |       ||     1
Dodge: Dodged            |     3 |     9 |    17 ||    29
